Map: Dusk Towers

Players

PiG

  • Race: Zerg Zerg
  • League: Grandmaster

xKawaiian - Winner!

  • Race: Terran Terran
  • League: Grandmaster

VOD

Have the link to the VOD?

Description

Time

  • Played on: Dec. 8, 2015, 7:42 p.m.
  • Length: 10:08
Show
View Real Time Build Order
Export as new Build Order

PiG Zerg 

Build Orders: Hatch First, Muta Ling Bane 

Get SALT Encoding   

  12  0:01  Drone  
  13  0:13  Overlord  
  13  0:17  Drone  
  14  0:32  Drone x2  
  16  0:37  Drone  
  17  0:53  Hatchery  
  17  0:56  Drone  
  17  1:11  Spawning Pool  
  16  1:14  Drone  
  16  1:17  Drone  
  18  1:23  Drone, Extractor  
  18  1:30  Drone  
  19  1:42  Drone  
  20  1:51  Overlord  
  20  1:57  Queen  
  22  2:10  Queen, Zergling x2  
  22  2:11  Zergling x2  
  22  2:13  Zergling x2  
  27  2:18  Drone  
  28  2:23  Metabolic Boost  
  28  2:26  Overlord  
  28  2:27  Drone  
  29  2:41  Drone  
  29  2:42  Drone  
  31  2:46  Queen  
  31  2:48  Drone x2  
  35  2:58  Hatchery  
  33  3:09  Drone  
  33  3:10  Drone  
  33  3:11  Drone x3  
  38  3:17  Overlord  
  38  3:26  Queen  
  40  3:27  Drone x3  
  43  3:34  Drone  
  44  3:48  Drone x2  
  44  3:51  Overlord x2  
  44  3:52  Overlord  
  44  3:53  Baneling Nest  
  45  3:56  Drone x2  
  45  3:57  Drone  
  48  4:07  Queen  
  49  4:17  Overlord  
  49  4:18  Overlord  
  49  4:19  Zergling x10  
  49  4:23  Zergling x10  
  57  4:28  Queen  
  59  4:32  Overlord  
  59  4:36  Zergling x4  
  61  4:44  Drone x2  
  63  4:47  Drone x3, Extractor  
  63  4:49  Drone x4  
  63  4:52  Zergling x2  
  70  4:54  Baneling x3  
  70  5:00  Zergling x2  
  70  5:01  Zergling x8  
  75  5:17  Lair  
  75  5:19  Drone x10  
  83  5:36  Overlord  
  83  5:37  Overlord  
  83  5:38  Overlord x2  
  83  5:39  Drone  
  83  5:40  Drone  
  85  5:43  Evolution Chamber  
  85  5:44  Drone x2, Extractor x2  
  85  5:45  Evolution Chamber  
  85  5:46  Drone x3  
  86  5:50  Drone x2  
  86  5:51  Drone x2  
  86  5:53  Zergling x2  
  91  5:58  Spore Crawler, Drone x2  
  91  5:59  Drone  
  91  6:00  Spore Crawler, Baneling x3  
  91  6:01  Baneling  
  92  6:10  Overlord  
  92  6:14  Drone x3  
  92  6:15  Drone x2  
  92  6:16  Drone  
  98  6:19  Hatchery  
  96  6:25  Extractor  
  96  6:26  Drone x2  
  96  6:27  Drone, Extractor  
  96  6:32  Zergling x12  
  96  6:49  Drone x3  
  96  6:53  Zerg Ground Armor Level 1, Zerg Melee Weapons Level 1  
  99  6:55  Centrifical Hooks  
  99  6:58  Spire  
  99  6:59  Zergling x18  
  107  7:13  Drone  
  107  7:14  Drone  
  109  7:17  Drone x3  
  112  7:25  Zergling x10  
  110  7:30  Extractor  
  110  7:35  Zergling x2  
  110  7:36  Extractor, Zergling x12  
  112  7:43  Zergling x6  
  109  7:57  Zergling x10  
  109  7:58  Zergling x4  
  110  8:00  Baneling  
  110  8:01  Baneling x4  
  106  8:09  Queen  
  106  8:10  Mutalisk  
  106  8:11  Mutalisk x5  
  117  8:18  Hydralisk Den  
  114  8:22  Extractor  
  114  8:23  Baneling x3  
  114  8:25  Queen  
  115  8:35  Overlord x4  
  115  8:39  Overlord  
  115  8:40  Drone x3  
  118  8:41  Drone x2  
  118  8:42  Drone x2  
  118  8:43  Zergling x6  
  118  8:45  Baneling x6  
  118  8:49  Zergling x4  
  118  8:54  Hatchery, Zergling x4  
  99  8:56  Hatchery, Zergling x2  
  99  8:59  Zergling x8  
  101  9:06  Zergling x2  
  100  9:13  Zergling x4  
  100  9:14  Hatchery, Zergling x2  
  94  9:20  Zergling x4  
  94  9:25  Hatchery  
  94  9:26  Hatchery  
  94  9:27  Zergling x8  
  96  9:38  Zergling x2  
  96  9:39  Zergling x12  
Show
View Real Time Build Order
Export as new Build Order

xKawaiian Terran - Winner!

Build Orders: Reaper Expand, MMM Bio 

Get SALT Encoding   

  12  0:01  SCV  
  13  0:13  SCV  
  14  0:17  Supply Depot  
  14  0:25  SCV  
  15  0:39  SCV  
  15  0:40  Barracks  
  16  0:44  Refinery  
  16  0:51  SCV  
  17  1:03  SCV  
  18  1:15  SCV  
  19  1:28  Reaper, Orbital Command  
  20  1:40  Command Center  
  20  1:52  Supply Depot  
  20  1:54  SCV  
  21  2:02  Barracks Reactor  
  21  2:06  SCV  
  22  2:08  Barracks  
  22  2:18  SCV, Barracks  
  23  2:30  SCV  
  24  2:39  Marine x2  
  24  2:42  SCV  
  27  2:54  SCV  
  27  2:55  Orbital Command  
  27  2:56  Barracks Tech Lab  
  27  2:57  Marine x2  
  30  3:05  Factory, Reaper  
  31  3:06  SCV  
  31  3:11  Refinery  
  32  3:14  Marine  
  32  3:15  Marine x2  
  32  3:19  SCV  
  36  3:22  SCV  
  37  3:28  Stimpack  
  37  3:31  SCV  
  37  3:32  Marine  
  37  3:33  Marine x2  
  41  3:34  SCV  
  41  3:41  Supply Depot  
  42  3:43  SCV  
  43  3:49  Marine  
  43  3:50  Marine  
  43  3:51  Marine  
  46  4:00  Supply Depot x2  
  46  4:02  SCV, Marine  
  48  4:04  Factory Reactor  
  48  4:05  Starport  
  48  4:07  Marine  
  49  4:11  SCV  
  49  4:12  Marine x2  
  52  4:21  Marine  
  52  4:23  SCV  
  54  4:27  SCV  
  55  4:31  Supply Depot, Barracks Reactor  
  55  4:38  SCV  
  56  4:43  Command Center  
  56  4:44  SCV  
  57  4:50  Medivac x2  
  57  4:51  Marine x2  
  63  4:53  SCV  
  63  4:55  Refinery x2  
  63  4:56  Supply Depot  
  63  4:57  SCV  
  63  4:59  Marine  
  66  5:03  Factory Reactor  
  66  5:05  SCV, Factory Tech Lab  
  67  5:09  SCV  
  67  5:13  Engineering Bay  
  68  5:16  Engineering Bay  
  68  5:17  SCV  
  68  5:20  Marine x2  
  68  5:21  SCV  
  71  5:27  Marine x2  
  73  5:29  SCV  
  73  5:31  Siege Tank  
  76  5:35  Marine  
  76  5:37  Marine  
  76  5:41  Combat Shields  
  78  5:45  Marine  
  78  5:46  SCV x2  
  81  5:51  Terran Infantry Weapons Level 1, Terran Infantry Armor Level 1  
  81  5:53  Marine  
  82  5:58  SCV x2  
  82  6:00  Orbital Command  
  84  6:08  Medivac x2  
  88  6:16  Barracks  
  88  6:18  Barracks  
  88  6:19  Siege Tank  
  88  6:20  Marine x2  
  88  6:21  Orbital Command  
  88  6:23  SCV  
  88  6:24  SCV  
  95  6:29  Marine x2  
  97  6:36  Marauder  
  97  6:38  Marine  
  100  6:40  Medivac  
  101  6:49  Supply Depot  
  101  6:52  Supply Depot x2  
  101  7:01  Armory  
  101  7:05  Barracks Reactor x2  
  101  7:11  SCV x3, Siege Tank, Marine x2  
  101  7:13  Supply Depot, Marine x2  
  111  7:15  Marine  
  111  7:20  Missile Turret  
  112  7:23  SCV x3  
  113  7:35  Marine x3  
  115  7:41  Marine x4  
  112  7:46  Siege Tank, Marine x2  
  112  7:47  Medivac x2  
  113  7:52  SCV  
  113  7:53  Marine x2  
  113  7:54  Marine  
  110  7:58  Command Center  
  110  7:59  Marine x3  
  112  8:06  Marine x3  
  112  8:09  SCV x2  
  112  8:11  Refinery  
  112  8:12  Refinery  
  114  8:17  Medivac  
  114  8:18  Siege Tank  
  114  8:19  Marine x2  
  119  8:23  Marine  
  119  8:24  SCV x2  
  123  8:27  SCV  
  123  8:32  Marine x2  
  125  8:36  Marine x4  
  125  8:38  SCV x2  
  129  8:50  Siege Tank  
  129  8:54  Marine x2  
  129  8:55  Marine x2  
  120  8:56  SCV  
  120  8:58  Medivac x2  
  120  8:59  Missile Turret, Marine  
  120  9:00  Missile Turret  
  120  9:01  Marine x3  
  129  9:06  Barracks x2  
  129  9:08  Marine  
  130  9:12  Marine x2  
  130  9:17  Marine x2  
  132  9:26  Marine  
  132  9:28  Medivac x2  
  134  9:32  Marine x2  
  134  9:35  SCV  
  134  9:36  SCV  
  134  9:38  SCV, Starport  
  145  9:39  Starport  
  145  9:47  SCV  
  143  9:56  Barracks Reactor  
  143  9:57  Barracks Reactor  
Tags
 
Add a new tag
Caveats
  • Supply blocks, unpowered buildings, or Contaminate may cause inaccurate times.
  • Supply counts are checked every 10 seconds.